 Dungeon Crawl Stone Soup version 0.19-a0-742-g4563caa (webtiles) character file.

11000 Moloch the Brawler (level 11, 0/95 HPs)
             Began as a Ghoul Fighter on June 23, 2016.
             Was a High Priest of Okawaru.
             Slain by a slime creature (8 damage)
             ... on level 12 of the Dungeon.
             The game lasted 00:27:20 (8883 turns).

Moloch the Brawler (Ghoul Fighter)                  Turns: 8883, Time: 00:27:21

Health: 0/95       AC: 17    Str: 24    XL:     11   Next: 70%
Magic:  10/10      EV:  6    Int:  3    God:    Okawaru [*****.]
Gold:   614        SH:  0    Dex: 13    Spells: 0 memorised, 10 levels left

rFire  + . .     SeeInvis .       - Unarmed
rCold  + . .     Gourm    .     E - +0 plate armour
rNeg   + + +     Faith    .     (no shield)
rPois  ∞         Spirit   .     m - +0 helmet
rElec  .         Dismiss  .     a - +2 cloak "Gasit" {Dex+5}
rCorr  .         Reflect  .     (no gloves)
SustAt .         Harm     .     (no boots)
MR     .....                    O - amulet of regeneration
Stlth  ..........               v - ring of protection from fire
                                l - +2 ring of protection

@: rotting, slowed, lost intelligence, very slow, not resistant to hostile
enchantments, extremely unstealthy
A: rotting body, claws 1, carnivore 3, cold resistance 1, negative energy
resistance 3, slow regeneration 1, torment resistance, unbreathing
a: Heroism, Finesse, Renounce Religion


You were on level 12 of the Dungeon.
You worshipped Okawaru.
Okawaru was extremely pleased with you.
You were not hungry.

You visited 2 branches of the dungeon, and saw 13 of its levels.
You also visited: Ossuary.

You collected 614 gold pieces.

Inventory:

Missiles
 n - 11 tomahawks (quivered)
 x - 7 javelins
Armour
 a - the +2 cloak "Gasit" (worn) {Dex+5}
   (You found it on level 5 of the Dungeon)

   It affects your dexterity (+5).
 b - a +0 shield
 m - a +0 helmet (worn)
 E - a +0 plate armour (worn)
 Q - the +3 shield of the City {rPois rC+ Int-5}
   (Okawaru gifted it to you on level 12 of the Dungeon)

   It affects your intelligence (-5).
   It protects you from cold.
   It protects you from poison.
Jewellery
 l - a +2 ring of protection (left claw)
 v - a ring of protection from fire (right claw)
 M - an uncursed ring of see invisible
 O - an amulet of regeneration (around neck)
Wands
 h - a wand of teleportation (3/9)
 o - a wand of digging (6/24)
 q - a wand of acid (5/15)
Scrolls
 f - a scroll of fear {unknown}
 i - 5 scrolls of amnesia
 k - 3 scrolls of teleportation
 r - 2 scrolls of magic mapping
 y - a scroll of recharging {unknown}
 z - 2 scrolls of holy word {unknown}
 A - a scroll of summoning {unknown}
 B - 2 scrolls of immolation {unknown}
 C - a scroll of torment {unknown}
 D - 4 scrolls of enchant weapon
 F - a scroll of vulnerability {unknown}
 K - 2 scrolls of enchant armour {unknown}
 L - 2 scrolls of random uselessness {unknown}
Potions
 c - 3 potions of might
 e - a potion of heal wounds
 j - 10 potions of curing
 s - 2 potions of brilliance
 t - 3 potions of flight
 u - 3 potions of beneficial mutation
 w - 2 potions of haste {unknown}
 G - 2 potions of agility
 H - 2 potions of cure mutation
 I - a potion of resistance
 J - a potion of berserk rage {unknown}
 N - a potion of lignification {unknown}
Comestibles
 d - 12 meat rations
 g - 6 beef jerkies
 p - 9 royal jellies
 P - 5 chunks of flesh


   Skills:
 + Level 8.8 Fighting
 - Level 2.6 Armour
 + Level 8.1 Shields
 + Level 15.1 Unarmed Combat


You had 10 spell levels left.
You didn't know any spells.

Dungeon Overview and Level Annotations

Branches:
Dungeon (12/15)            Temple (1/1) D:5            Lair (0/6) D:8
    Orc: D:9-12

Altars:
Ashenzari
Fedhas
Makhleb
Okawaru
Sif Muna
Trog
Uskayaw
Vehumet
Xom
Yredelemnul
Zin
The Shining One

Shops:
D:9 :   D:12 }


Innate Abilities, Weirdness & Mutations

Your body is rotting away.
You thrive on raw meat.
You are immune to poison.
You have sharp fingernails.
You are carnivorous and can eat meat at any time.
Your flesh is cold resistant. (rC+)
You are immune to negative energy. (rN+++)
You regenerate slowly when monsters are visible.
You are immune to unholy pain and torment.
You can survive without breathing.


Message History

Unknown command.
You feel much better. The slime creature hits you.
* * * LOW HITPOINT WARNING * * *
The slime creature barely misses you.
The slime creature hits you but does no damage. x2
The slime creature hits you.
* * * LOW HITPOINT WARNING * * *
Unknown command.
Unknown command.
The slime creature barely misses you.
The slime creature hits you but does no damage.
The slime creature hits you!
* * * LOW HITPOINT WARNING * * *
Things that are here:
a scale mail; a sheep corpse x2
The slime creature hits you but does no damage. x2
The slime creature hits you but does no damage.
Two slime creatures merge to form a large slime creature.
The slime creature hits you!
You die...

>.................
..........C)...... .
.........C.)...... ....
#######..######### .......
#Y.# ........# #..#
.........# #..######
..........#######........
............@J...(........
..............J...#########
................[(#
..................#
..................#
..................#
..................#
....................
........)............


You could see a large slime creature and a slime creature.

Vanquished Creatures
  A hydra (D:10)
  Urug (D:11)
  3 hill giants
  A cyclops (D:12)
  A manticore (D:12)
  2 trolls
  2 slime creatures (D:12)
  A wyvern (D:11)
  A wraith (Ossuary)
  A vampire (D:11)
  3 soldier ants
  2 water moccasins
  2 wasps (D:8)
  An ice beast (D:6)
  3 orc warriors
  5 sky beasts
  A phantom (Temple)
  6 ogres
  3 necrophages
  7 centaurs
  A crocodile (D:10)
  4 giant frogs
  A water moccasin skeleton (D:7)
  3 scorpions (D:6)
  11 killer bees
  9 wights
  A howler monkey (D:9)
  3 giant frog zombies
  2 centaur zombies
  4 hounds
  8 crimson imps
  4 jellies
  4 orc priests
  A centaur skeleton (D:10)
  2 giant frog skeletons
  Terence (D:3)
  2 hell rats (D:8)
  9 iguanas
  6 orc wizards
  4 worker ants
  3 sheep (D:12)
  3 mummies (Ossuary)
  Robin (D:3)
  13 adders
  2 shadow imps
  3 worms
  A dart slug (D:2)
  2 giant geckos
  27 orcs
  8 giant cockroaches
  A gnoll zombie (Ossuary)
  11 goblins
  9 hobgoblins
  2 jackals (D:3)
  A quokka (D:6)
  3 ball pythons
  3 bats
  A giant cockroach zombie (D:6)
  9 giant newts
  2 goblin zombies (Ossuary)
  A hobgoblin zombie (Ossuary)
  2 kobolds (D:3)
  3 kobold zombies (Ossuary)
  5 rats
243 creatures vanquished.

Notes
Turn   | Place    | Note
--------------------------------------------------------------
     0 | D:1      | Moloch the Ghoul Fighter began the quest for the Orb.
     0 | D:1      | Reached XP level 1. HP: 19/19 MP: 0/0
   183 | D:1      | Reached skill level 3 in Unarmed Combat
   183 | D:1      | Reached XP level 2. HP: 20/26 MP: 1/1
   737 | D:2      | Found a faded altar of an unknown god.
   751 | D:2      | Reached XP level 3. HP: 27/30 MP: 2/2
   820 | D:2      | Reached skill level 4 in Unarmed Combat
  1112 | D:2      | Reached XP level 4. HP: 36/38 MP: 3/3
  1575 | D:3      | Reached skill level 5 in Unarmed Combat
  1606 | D:3      | Noticed Robin
  1637 | D:3      | Killed Robin
  1666 | D:3      | Reached XP level 5. HP: 44/45 MP: 4/4
  1842 | D:3      | Reached skill level 6 in Unarmed Combat
  2035 | D:3      | Noticed Terence
  2053 | D:3      | Killed Terence
  2143 | D:3      | Found a blossoming altar of Fedhas.
  2263 | D:4      | Reached XP level 6. HP: 47/51 MP: 5/5
  2561 | D:4      | Reached skill level 7 in Unarmed Combat
  2638 | D:5      | Entered Level 5 of the Dungeon
  2714 | D:5      | Got a warped cloak
  2720 | D:5      | Identified the +2 cloak "Gasit" {Dex+5} (You found it on level 5 of the Dungeon)
  2746 | D:5      | Found a staircase to the Ecumenical Temple.
  2750 | D:5      | Noticed a phantom
  2763 | D:5      | Reached skill level 8 in Unarmed Combat
  2763 | D:5      | Reached XP level 7. HP: 41/57 MP: 6/6
  2769 | Temple   | Entered the Ecumenical Temple
  2803 | Temple   | Became a worshipper of Warmaster Okawaru
  2875 | D:5      | Reached skill level 9 in Unarmed Combat
  3150 | D:6      | Found a bloodstained altar of Trog.
  3211 | D:6      | Reached XP level 8. HP: 54/63 MP: 7/7
  3223 | D:6      | Reached * piety under Okawaru
  3223 | D:6      | Reached skill level 10 in Unarmed Combat
  3484 | D:6      | Reached skill level 11 in Unarmed Combat
  3600 | D:6      | Found a sand-covered staircase.
  3606 | Ossuary  | Entered an ossuary
  3606 | Ossuary  | Noticed a wraith
  3606 | Ossuary  | Noticed a wraith
  3606 | Ossuary  | Noticed a wraith
  3770 | Ossuary  | Noticed a wraith
  3788 | Ossuary  | Killed a wraith
  4216 | D:6      | Reached ** piety under Okawaru
  4421 | D:6      | Reached skill level 12 in Unarmed Combat
  4615 | D:7      | Reached XP level 9. HP: 68/70 MP: 8/8
  5363 | D:8      | Reached *** piety under Okawaru
  5363 | D:8      | Reached skill level 13 in Unarmed Combat
  5685 | D:8      | Found a staircase to the Lair.
  5724 | D:8      | Found a radiant altar of Vehumet.
  5742 | D:8      | Found a shimmering altar of Xom.
  6033 | D:9      | Found a shattered altar of Ashenzari.
  6076 | D:9      | Reached skill level 5 in Fighting
  6103 | D:9      | Reached XP level 10. HP: 18/80 MP: 9/9
  6301 | D:9      | Found Copros's Book Boutique.
  6400 | D:9      | Found a basalt altar of Yredelemnul.
  6400 | D:9      | Found a deep blue altar of Sif Muna.
  6622 | D:9      | Reached **** piety under Okawaru
  6985 | D:9      | Reached skill level 5 in Shields
  7127 | D:10     | Entered Level 10 of the Dungeon
  7332 | D:10     | Reached skill level 14 in Unarmed Combat
  7484 | D:10     | Noticed a hill giant
  7493 | D:10     | Killed a hill giant
  7518 | D:10     | Noticed a five-headed hydra
  7521 | D:10     | Killed a five-headed hydra
  7527 | D:10     | Reached ***** piety under Okawaru
  7535 | D:10     | Reached XP level 11. HP: 85/92 MP: 8/10
  8635 | D:12     | Noticed Urug
  8635 | D:12     | Noticed a hill giant
  8650 | D:11     | Killed Urug
  8697 | D:12     | Killed a hill giant
  8759 | D:12     | Found Qahu's Gadget Boutique.
  8763 | D:12     | Noticed a cyclops
  8763 | D:12     | Noticed a hill giant
  8802 | D:12     | Killed a hill giant
  8802 | D:12     | Received a gift from Okawaru
  8802 | D:12     | Reached skill level 15 in Unarmed Combat
  8813 | D:12     | Noticed a manticore
  8819 | D:12     | Killed a cyclops
  8828 | D:12     | Killed a manticore
  8852 | D:12     | Got an ancient shield {god gift}
  8863 | D:12     | Identified the +3 shield of the City {rPois rC+ Int-5} (Okawaru gifted it to you on level 12 of the Dungeon)
  8863 | D:12     | Lost intelligence.
  8878 | D:12     | HP: 4/95 [slime creature (12)]
  8883 | D:12     | Slain by a slime creature

Vault maps used:
D:1:      scummos_arrival_star, serial_bayou_pond_a, minmay_surrounded
D:2:      ecumenical_altar_1
D:3:      lemuel_doored_altar, uniq_terence, uniq_robin
D:5:      first_bread
D:6:      bloody_trog, nicolae_ossuary_entry_plus
D:7:      kennysheep_spiral_hall
D:8:      xom_teletrap_fun, fiery_altar_vehumet, dpeg_lair_monsters,
          hangedman_pestilent_swarm
D:9:      gammafunk_temple_overflow_wave, serial_shops,
          nicolae_shop_behind_doors, hangedman_abyss_or_decor_clamps,
          minivault_22, evilmike_ruin_ashenzari
D:10:     minmay_diamond_stairs
D:12:     hiddenorc2_lemuel, serial_shops, shop, uniq_urug
Temple:   eino_temple_scatter_basement
Ossuary:  ossuary_kennysheep_city_of_the_dead

Skill      XL: |  1  2  3  4  5  6  7  8  9 10 11 |
---------------+----------------------------------+-----
Unarmed Combat | 3 4 5 6 8 9 12 13 14 15 | 15.1
Shields        | 4 6 8 |  8.1
Fighting       | 5 7 8 |  8.8
Armour         | |  2.6

Action                   |  1- 3 |  4- 6 |  7- 9 | 10-12 || total
-------------------------+-------+-------+-------+-------++-------
Melee: Unarmed           |    93 |   171 |   360 |   363 ||   987
Invok: Heroism           |       |       |     2 |     6 ||     8
Evoke: Wand              |       |       |       |     1 ||     1
  Use: Scroll            |       |     1 |     9 |     6 ||    16
       Potion            |       |       |       |     1 ||     1
  Eat: Chunk             |    10 |    25 |    37 |    35 ||   107
Armor: Scale mail        |    33 |       |       |       ||    33
       Chain mail        |     7 |    73 |   132 |       ||   212
       Plate armour      |       |       |       |   141 ||   141
Dodge: Dodged            |    18 |    24 |    65 |    63 ||   170
Block: Shield            |    26 |    71 |   131 |   159 ||   387
